 Dungeon Crawl Stone Soup version 0.30-a0-605-gb2882149bf (webtiles) character file.

Game seed: 9275143909915550361

204 themarg the Insei (level 5, -24/41 HPs)
             Began as a Gnoll Transmuter on Jan 7, 2023.
             Was a Plaything of Xom.
             Killed by an exploding jelly (25 damage)
             ... ignited by their inner flame
             ... on level 4 of the Dungeon.
             The game lasted 00:08:36 (3035 turns).

themarg the Insei (Gnoll Transmuter)                Turns: 3035, Time: 00:08:36

Health: -24/41     AC: -10   Str: 10    XL:     5   Next: 82%
Magic:  11/12      EV: 22    Int: 14    God:    Xom [....*.]
Gold:   216        SH:  0    Dex: 17    Spells: 8/14 levels left

rFire   . . .      SeeInvis .      - Unarmed
rCold   . . .      Faith    .    (shield currently unavailable)
rNeg    + . .      Spirit   .    (body armour currently unavailable)
rPois   x          Reflect  .    (helmet currently unavailable)
rElec   .          Harm     .    (cloak currently unavailable)
rCorr   .          Rampage  .    (gloves currently unavailable)
Will    .....                    (boots currently unavailable)
Stlth   ++                       (no amulet)
HPRegen 0.26/turn                l - ring of positive energy
MPRegen 0.13/turn                (no ring)

@: spider-form (expiring), corroded, studying Armour
A: venomous fangs, tiny, (fangs 1), strong nose, distributed training
a: End Transformation, Renounce Religion


You were on level 4 of the Dungeon.
You worshipped Xom.
You were a beloved toy of Xom.
You were a venomous arachnid creature.
You visited 1 branch of the dungeon, and saw 4 of its levels.

You collected 216 gold pieces.

Inventory:

Hand Weapons
 d - a +2 dagger of venom (melded)
Missiles
 c - 49 stones
 o - 13 poisoned darts
 q - 6 boomerangs
 v - 2 silver boomerangs
Armour
 a - a +0 robe (melded)
 k - a +2 pair of gloves (melded)
Jewellery
 l - a ring of positive energy (left front pincers)
Scrolls
 f - a scroll of teleportation
 j - a scroll of fog {unknown}
 u - a scroll of poison {unknown}
Potions
 b - a potion of lignification
 e - 2 potions of mutation
 h - 2 potions of curing
 m - 2 potions of brilliance {unknown}
 n - a potion of degeneration {unknown}
 p - a potion of berserk rage {unknown}
 r - 3 potions of heal wounds
 t - a potion of ambrosia {unknown}


   Skills:
 + Level 3.1 Fighting
 + Level 1.7 Short Blades
 + Level 1.7 Long Blades
 + Level 1.7 Axes
 + Level 1.7 Maces & Flails
 + Level 1.7 Polearms
 + Level 1.7 Staves
 + Level 1.7 Ranged Weapons
 + Level 1.7 Throwing
 + Level 2.3 Armour
 + Level 4.9 Dodging
 + Level 1.7 Stealth
 + Level 1.7 Shields
 + Level 6.7 Unarmed Combat
 + Level 5.3 Spellcasting
 + Level 1.3 Conjurations
 + Level 1.3 Hexes
 + Level 1.3 Summonings
 + Level 1.3 Necromancy
 + Level 1.3 Translocations
 + Level 4.0 Transmutations
 + Level 1.3 Fire Magic
 + Level 1.3 Ice Magic
 + Level 1.3 Air Magic
 + Level 1.3 Earth Magic
 + Level 1.3 Poison Magic
 + Level 2.0 Invocations
 + Level 1.7 Evocations


You had 8 spell levels left.
You knew the following spells:

 Your Spells              Type           Power      Damage    Failure   Level
a - Beastly Appendage     Tmut           30%        N/A       11%         1
b - Wereblood             Tmut           15%        N/A       14%         2
c - Spider Form           Tmut/Pois      11%        N/A       36%         3

Your spell library contained the following spells:

 Spells                   Type           Power      Damage    Failure   Level
 Sting                    Tmut/Pois      44%        1d5       16%         1
 Freeze                   Ice            28%        1d5       24%         1
 Ignite Poison            Fire/Tmut/Pois 10%        N/A       41%         3
 Frozen Ramparts          Ice            14%        1d3       50%         3
 Hailstorm                Conj/Ice       7%         3d4       50%         3
 Kindle Blastsparks       Fire/Tloc/Air  14%        2d11      50%         3
 Vampiric Draining        Necr           7%         2d6       50%         3
 Ice Form                 Ice/Tmut       11%        N/A       71%         4
 Iskenderun's Mystic Bla  Conj/Tloc      7%         2d4       85%         4
 Fireball                 Conj/Fire      3%         3d4       99%         5
 Ignition                 Fire           3%         3d4       100%        8
 Necromutation            Tmut/Necr      5%         N/A       100%        8


Dungeon Overview and Level Annotations

Branches:
Dungeon (4/15)
 Temple: D:4-7

Altars:
Dithmenos
Xom
Zin

Shops:
D:2 !


Innate Abilities, Weirdness & Mutations

You are a venomous arachnid creature.
You have venomous fangs.
You are tiny and dextrous.
Your spellcasting is less reliable in this form.
Your armour is entirely melded.
You are incapable of wielding weapons or throwing items.
((You have very sharp teeth.))
Your uncanny sense of smell can sniff out nearby items.
Your experience applies equally to all skills.


Message History

The helpless jelly fails to defend itself.
You hit the jelly.
The jelly is poisoned.
The acid corrodes you!
Your front pincers burn!
The jelly is lightly wounded.
Your transformation is almost over.
The jelly hits you. The acid corrodes you!
You are splashed with acid.
The goblin shouts!
You hit the jelly but do no damage.
Your front pincers burn!
The jelly is lightly wounded.
The jelly barely misses you.
You hit the jelly but do no damage.
Your front pincers burn!
The jelly is moderately wounded.
The jelly completely misses you.
You hit the jelly but do no damage.
Your front pincers burn!
The jelly is moderately wounded.
The jelly hits you. The acid corrodes you!
You are splashed with acid!
* * * LOW HITPOINT WARNING * * *
You hit the jelly but do no damage.
Your front pincers burn!
* * * LOW HITPOINT WARNING * * *
The jelly is moderately wounded.
The jelly misses you.
You hit the goblin.
The goblin is poisoned.
The goblin is heavily wounded.
You kill the goblin!
An endoplasm comes into view.
The jelly hits you.
* * * LOW HITPOINT WARNING * * *
You are splashed with acid!
* * * LOW HITPOINT WARNING * * *
Your Invocations skill increases to level 2!
As you read the scroll labelled CALEBI MYAG, it crumbles to dust.
The creatures around you are filled with an inner flame!
It was a scroll of immolation.
Flame seeps out of the jelly.
The jelly is engulfed in blazing flames.
The jelly explodes!
The fiery explosion engulfs the quokka!!
The fiery explosion engulfs you!!
Ouch! That really hurt!
You die...
Xom snickers!

#........#
#........#
#........#
##...)....#
∆
#.........#
#.........#
#....##...#
#....##...##
##.....§s§.#
#.....§○§.#
......§§§.+
.....###'###
.... ... ...
... .. ..J
.....


You could see an endoplasm (wandering, inner flame).

Vanquished Creatures
  A scorpion (D:4)
  A jelly (D:4)
  Terence (D:3)
  5 adders
  A dart slug (D:1)
  8 orcs
  5 ball pythons
  3 bats (D:1)
  4 endoplasms
  5 giant cockroaches
  6 hobgoblins
  A quokka (D:4)
  2 frilled lizards (D:2)
  6 goblins
  9 kobolds
  9 rats
67 creatures vanquished.

Vanquished Creatures (others)
  16 fungi (D:3)
16 creatures vanquished.

Grand Total: 83 creatures vanquished

Notes
Turn   | Place    | Note
-------+----------+-------------------------------------------
     0 | D:1      | themarg the Gnoll Transmuter began the quest for the Orb.
     0 | D:1      | Reached XP level 1. HP: 17/17 MP: 6/6
   246 | D:1      | Reached XP level 2. HP: 21/23 MP: 7/7
   264 | D:1      | Learned a level 2 spell: Wereblood
   563 | D:1      | Found a faded altar of an unknown god.
   593 | D:1      | Prayed at the altar of an unknown god.
   593 | D:1      | Became a worshipper of Xom of Chaos
  1053 | D:1      | XOM: silly message
  1133 | D:2      | XOM: noise
  1281 | D:2      | XOM: cloud trail
  1340 | D:2      | XOM: 1-stop teleportation journey
  1360 | D:2      | Reached skill level 5 in Spellcasting
  1360 | D:2      | Reached XP level 3. HP: 28/28 MP: 5/9
  1365 | D:2      | Learned a level 3 spell: Spider Form
  1464 | D:2      | Found Munaod's Distillery.
  1703 | D:2      | XOM: give mutations
  1703 | D:2      | Gained mutation: You are clumsy. (Dex -2) [Xom's mischief]
  1703 | D:2      | Lost mutation: You are clumsy. (Dex -2) [Xom's mischief]
  1708 | D:2      | Reached skill level 1 in Invocations
  2077 | D:2      | Reached skill level 1 in Short Blades
  2077 | D:2      | Reached skill level 1 in Long Blades
  2077 | D:2      | Reached skill level 1 in Axes
  2077 | D:2      | Reached skill level 1 in Maces & Flails
  2077 | D:2      | Reached skill level 1 in Polearms
  2077 | D:2      | Reached skill level 1 in Staves
  2077 | D:2      | Reached skill level 1 in Ranged Weapons
  2077 | D:2      | Reached skill level 1 in Throwing
  2077 | D:2      | Reached skill level 1 in Armour
  2077 | D:2      | Reached skill level 1 in Stealth
  2077 | D:2      | Reached skill level 1 in Shields
  2077 | D:2      | Reached skill level 1 in Evocations
  2215 | D:3      | Noticed Terence
  2218 | D:3      | XOM: butterfly on damage
  2226 | D:3      | Killed Terence
  2227 | D:3      | Reached XP level 4. HP: 26/34 MP: 8/11
  2313 | D:3      | XOM: god gift: Xom's Compilation of Big Damage {god gift}
  2314 | D:3      | Got Xom's Compilation of Big Damage {god gift}
  2342 | D:3      | Found a glowing silver altar of Zin.
  2417 | D:3      | Reached skill level 1 in Conjurations
  2417 | D:3      | Reached skill level 1 in Hexes
  2417 | D:3      | Reached skill level 1 in Summonings
  2417 | D:3      | Reached skill level 1 in Necromancy
  2417 | D:3      | Reached skill level 1 in Translocations
  2417 | D:3      | Reached skill level 1 in Fire Magic
  2417 | D:3      | Reached skill level 1 in Ice Magic
  2417 | D:3      | Reached skill level 1 in Air Magic
  2417 | D:3      | Reached skill level 1 in Earth Magic
  2417 | D:3      | Reached skill level 1 in Poison Magic
  2548 | D:3      | XOM: god gift: 21 gold pieces
  2609 | D:3      | Found a shadowy altar of Dithmenos.
  2654 | D:3      | Got Sif Muna's Folio of the Panacea and Transportation
  2698 | D:3      | Reached XP level 5. HP: 40/40 MP: 6/12
  2724 | D:3      | XOM: god gift: scroll labelled SIOKARHEXE {god gift}
  2957 | D:4      | XOM: fake destruction
  3034 | D:4      | HP: 1/41 [acid (8)]
  3035 | D:4      | Killed by an exploding jelly... ignited by their inner
                  | flame

Illustrated notes

Levels and vault maps discovered:
D:1:      dpeg_arrival_simpleton_b, layout_basic,
          ebering_ecumenical_altar_abandoned, grunt_decor_clamped
D:2:      minmay_skewed_foursquare, layout_loops_corners, serial_shops, shop
D:3:      layout_rooms, mainiacjoe_overflow_cross_hatched,
          grunt_dithmenos_smoke_and_mirrors, minmay_pentangle, uniq_terence
D:4:      layout_gridville, yredelemnul_altar_generic, ashenzari_altar_1,
          serial_shops, shop, uniq_blork_the_orc

Skill      XL: |  1  2  3  4  5 |
---------------+----------------+-----
Spellcasting   | 5 |  5.3
Invocations    | 1 2 |  2.0
Short Blades   | 1 |  1.7
Long Blades    | 1 |  1.7
Axes           | 1 |  1.7
Maces & Flails | 1 |  1.7
Polearms       | 1 |  1.7
Staves         | 1 |  1.7
Ranged Weapons | 1 |  1.7
Throwing       | 1 |  1.7
Armour         | 1 2 |  2.3
Stealth        | 1 |  1.7
Shields        | 1 |  1.7
Evocations     | 1 |  1.7
Conjurations   | 1 |  1.3
Hexes          | 1 |  1.3
Summonings     | 1 |  1.3
Necromancy     | 1 |  1.3
Translocations | 1 |  1.3
Fire Magic     | 1 |  1.3
Ice Magic      | 1 |  1.3
Air Magic      | 1 |  1.3
Earth Magic    | 1 |  1.3
Poison Magic   | 1 |  1.3
Fighting       | 3 |  3.1
Transmutations | 4 |  4.0
Dodging        | |  4.9
Unarmed Combat | |  6.7

Action                   |  1- 3 |  4- 6 || total
-------------------------+-------+-------++-------
Melee: Unarmed           |    18 |    62 ||    80
       Kick              |    14 |       ||    14
       Dagger            |    54 |     3 ||    57
       Bite              |     5 |       ||     5
       Headbutt          |     4 |       ||     4
       Punch             |     4 |       ||     4
 Cast: Beastly Appendage |    25 |       ||    25
       Wereblood         |     2 |     1 ||     3
       Spider Form       |     2 |    12 ||    14
  Use: Scroll            |       |     6 ||     6
 Stab: Sleeping          |     1 |     2 ||     3
Armor: Robe              |    11 |     1 ||    12
       Skin              |       |     1 ||     1
Dodge: Dodged            |    53 |    46 ||    99

Table legend: (Time is in decaauts)
 A = Elapsed time spent in this place.
 B = Non-inter-level travel time spent in this place.
 C = Inter-level travel time spent in this place.
 D = Time resting spent in this place.
 E = Time spent auto-exploring this place.
 F = Levels seen in this place.
 G = Mean time per level.
                   A        B        C        D        E       F      G
               +--------+--------+--------+--------+--------+-----+--------+
         Total |   3020 |   2938 |     82 |    113 |   2229 |   4 |  755.0 |
       Dungeon |   3020 |   2938 |     82 |    113 |   2229 |   4 |  755.0 |
               +--------+--------+--------+--------+--------+-----+--------+

Top non-repeatable levels by time:
     D:1: 1113 daAuts
     D:2: 1017 daAuts
     D:3: 806 daAuts
     D:4: 83 daAuts
